 Dungeon Crawl Stone Soup version 0.17-a0-670-g5d95ebd (webtiles) character file.

25 barthelme the Grave Robber (level 2, 0/19 HPs)
             Began as a Vampire Necromancer on Apr 18, 2015.
             Succumbed to an adder's poison
             ... on level 3 of the Dungeon.
             The game lasted 00:15:53 (2757 turns).

barthelme the Grave Robber (Vampire Necromancer)    Turns: 2757, Time: 00:15:53

Health: 0/19       AC:  2    Str:  7    XL:     2   Next: 86%
Magic:  0/5        EV: 12    Int: 17    God:
Gold:   57         SH:  0    Dex: 14    Spells: 2 memorised, 4 levels left

rFire  . . .     SeeInvis +     d - +0 short sword (curse)
rCold  . . .     Clarity  .     a - +0 robe
rNeg   + . .     SustAb   .     (no shield)
rPois  .         Gourm    .     (no helmet)
rElec  .         Spirit   .     (no cloak)
rCorr  .         Warding  .     (no gloves)
rMut   .         Stasis   .     (no boots)
MR     .....                    (no amulet)
Stlth  ++........               (no ring)
                                (no ring)

@: lethally poisoned (0 -> -5), not resistant to hostile enchantments,
unstealthy
A: fangs 3, see invisible, unbreathing
a: no special abilities


You were on level 3 of the Dungeon.
You were not thirsty.

You visited 1 branch of the dungeon, and saw 3 of its levels.

You collected 57 gold pieces.

Inventory:

Hand weapons
 d - a cursed +0 short sword (weapon)
Armour
 a - a +0 robe (worn)
Jewellery
 h - an uncursed amulet of the gourmand {unknown}
Scrolls
 c - a scroll of amnesia {unknown}
 e - 2 scrolls of identify {unknown}
 k - a scroll of blinking {unknown}
Potions
 f - a potion of agility {unknown}
 g - 2 potions of haste {unknown}
 i - a potion of invisibility {unknown}
 j - a potion of blood
Books
 b - a book of Necromancy

   Spells                             Type                      Level
   a - Pain                           Necromancy                   1
   b - Animate Skeleton               Necromancy                   1
   c - Vampiric Draining              Necromancy                   3
   d - Regeneration                   Charms/Necromancy            3
   e - Animate Dead                   Necromancy                   4
   f - Control Undead                 Necromancy                   4


   Skills:
 - Level 0.1 Fighting
 + Level 2.1 Dodging
 - Level 3.0 Stealth
 + Level 2.5 Spellcasting
 + Level 5.0 Necromancy


You had 4 spell levels left.
You knew the following spells:

 Your Spells              Type           Power        Failure   Level  Hunger
a - Pain                  Necr           ###.         2%          1    #......
b - Animate Skeleton      Necr           N/A          2%          1    #......


Dungeon Overview and Level Annotations

Branches:
Dungeon (3/15)

Altars:
Fedhas
Qazlal


Innate Abilities, Weirdness & Mutations

You have razor-sharp teeth.
You have supernaturally acute eyesight.
You can survive without breathing.


Message History

The adder bites you but does no damage. The adder barely misses you.
You closely miss the adder.
The adder is moderately wounded.
The adder bites you.
You are poisoned.
The adder poisons you!
You hit the adder.
The adder is moderately wounded.
You feel sick. The adder bites you. The adder closely misses you.
You closely miss the adder.
The adder is moderately wounded.
The adder bites you.
* * * LOW HITPOINT WARNING * * *
Casting: Pain
Confirm with . or Enter, or press ? or * to list all spells.
Aiming: Pain
Press: ? - help, Shift-Dir - straight line, f/p - adder
Aim: an adder (moderately wounded, chance 84%)
The adder convulses in agony!
You die...

... .... .....#
.......## ........##
.........#
..........##############
....†..)......S@.......#
..........############.#
.......!## ........#
.(...#..# ....##.# ..
#.# # ### #


You could see an adder.

Vanquished Creatures
  2 giant geckos
  A giant cockroach (D:2)
  4 hobgoblins
  3 bats
  3 giant newts
  4 goblins
  2 kobolds (D:1)
  4 rats
23 creatures vanquished.

Vanquished Creatures (collateral kills)
  A goblin (D:1)
  A giant newt (D:1)
2 creatures vanquished.

Vanquished Creatures (others)
  A bat skeleton (D:1)
  2 giant newt skeletons (D:1)
  A goblin skeleton (D:1)
  A hobgoblin skeleton (D:1)
  A rat skeleton (D:1)
6 creatures vanquished.

Grand Total: 31 creatures vanquished

Notes
Turn   | Place    | Note
--------------------------------------------------------------
     0 | D:1      | barthelme, the Vampire Necromancer, began the quest for the Orb.
     0 | D:1      | Reached XP level 1. HP: 13/13 MP: 3/3
     3 | D:1      | Learned a level 1 spell: Animate Skeleton
   690 | D:1      | Reached XP level 2. HP: 17/19 MP: 1/5
  2383 | D:2      | Reached skill level 5 in Necromancy
  2407 | D:2      | Found a stormy altar of Qazlal.
  2690 | D:2      | Found a blossoming altar of Fedhas.
  2757 | D:3      | Succumbed to an adder's poison

Action                   || total
-------------------------++-------
Melee: Unarmed           ||    10
       Short sword       ||    23
 Cast: Pain              ||    31
       Animate Skeleton  ||     6
  Use: Potion            ||     3
 Stab: Sleeping          ||     2
